[Event "ICC tourney 2594 (40 10)"]
[Site "Internet Chess Club"]
[Date "2021.06.05"]
[Round "5"]
[White "TREY, JUSTIN:Justin-T"]
[Black "WANG, TED:tedwpnw"]
[Result "1-0"]
[ICCResult "Black checkmated"]
[WhiteElo "1695"]
[BlackElo "1512"]
[Opening "Trompowsky attack (Ruth, Opocenský opening)"]
[ECO "A45"]
[NIC "QP.07"]
[Time "20:02:35"]
[PlyCount "117"]
[TimeControl "2400+10"]

1. d4 Nf6 2. Bg5 g6 3. Bxf6 exf6 4. g3 Bg7 5. Bg2 O-O 6. e3 c5 7. c3 Qb6 8.
Qc2 d6 9. dxc5 dxc5 10. Ne2 Bf5 11. e4 Be6 12. Nf4 Bc4 13. Nd2 Ba6 14. Nd5
Qd6 15. c4 Nc6 16. O-O Nd4 17. Qd3 b5 18. b3 Rab8 19. e5 Qxe5 20. Rae1 Qh5
21. Ne4 Kh8 22. Nxc5 Bc8 23. Qxd4 bxc4 24. Qxc4 Bf5 25. Nf4 Qh6 26. Be4
Bxe4 27. Rxe4 f5 28. Re7 g5 29. Nd5 Qg6 30. Nd7 Rfc8 31. Qe2 Ra8 32. Nc7
Rxc7 33. Re8+ Rxe8 34. Qxe8+ Bf8 35. Nxf8 Qg8 36. Qe5+ Qg7 37. Qxc7 Qxf8
38. Rd1 Kg7 39. Qe5+ Kg6 40. Qd6+ Qxd6 41. Rxd6+ f6 42. Ra6 h5 43. Rxa7 g4
44. Ra8 Kg5 45. b4 f4 46. b5 fxg3 47. fxg3 f5 48. b6 f4 49. Rg8+ Kf5 50.
Rf8+ Ke5 51. Rxf4 Kd6 52. Rc4 Kd5 53. Rc1 Kd4 54. b7 Kd3 55. b8=R Kd2 56.
Rc7 Ke2 57. Rd7 Kf3 58. Re8 h4 59. Rf7# { Black checkmated } 1-0

[Event "ICC tourney 2594 (40 10)"]
[Site "Internet Chess Club"]
[Date "2021.06.05"]
[Round "5"]
[White "LAUSER, JESSICA T:Shakhmatova"]
[Black "OPASKA, MICHAEL:mopaska1106"]
[Result "1-0"]
[ICCResult "Black checkmated"]
[WhiteElo "1691"]
[BlackElo "1898"]
[Opening "Sicilian: Grand Prix attack"]
[ECO "B23"]
[NIC "SI.44"]
[Time "20:02:33"]
[PlyCount "61"]
[TimeControl "2400+10"]

1. e4 c5 2. Nc3 Nc6 3. f4 g6 4. Nf3 Bg7 5. g3 e6 6. Bg2 Nge7 7. O-O O-O 8.
Ne2 d5 9. e5 f6 10. d4 cxd4 11. Nexd4 fxe5 12. fxe5 Nxe5 13. c3 Nxf3+ 14.
Nxf3 e5 15. Be3 Nc6 16. Bc5 Re8 17. h4 Bg4 18. Qa4 e4 19. Nd4 Ne5 20. Qb3
Nd3 21. Ba3 Qd7 22. Nb5 Be2 23. Nd6 Bxf1 24. Rxf1 Qc6 25. Nxe4 Rad8 26. Ng5
Qb6+ 27. Qxb6 axb6 28. Nf7 Rd7 29. Nd6 Be5 30. Nxe8 Rd8 31. Rf8# { Black
checkmated } 1-0

[Event "ICC tourney 2594 (40 10)"]
[Site "Internet Chess Club"]
[Date "2021.06.05"]
[Round "5"]
[White "KUNAMNENI, MEGHANA:msk2018"]
[Black "WU, JONATHAN ZUANXU:wulovechess"]
[Result "1-0"]
[ICCResult "Black resigns"]
[WhiteElo "1437"]
[BlackElo "1588"]
[Opening "Réti: King's Indian attack (Barcza system)"]
[ECO "A07"]
[NIC "QP.09"]
[Time "20:02:49"]
[PlyCount "53"]
[TimeControl "2400+10"]

1. Nf3 d5 2. g3 Nf6 3. Bg2 g6 4. O-O Bg7 5. d3 c5 6. a3 O-O 7. Re1 Nc6 8.
Nc3 Bf5 9. Nh4 e6 10. e4 d4 11. Na2 Bg4 12. f3 Bh5 13. g4 g5 14. Bxg5 Bg6
15. e5 Nxe5 16. Rxe5 Qd6 17. Re1 Nd5 18. Nxg6 fxg6 19. Qe2 h6 20. Bd2 e5
21. b4 b6 22. Qe4 Rac8 23. f4 Nxf4 24. bxc5 Rxc5 25. Bb4 Nxg2 26. Bxc5 Qxc5
27. Qxg2 { Black resigns } 1-0

[Event "ICC tourney 2594 (40 10)"]
[Site "Internet Chess Club"]
[Date "2021.06.05"]
[Round "5"]
[White "JIN, DAVID:smartgoldfish"]
[Black "WANG, KEVIN:Deepbrainfinal"]
[Result "1-0"]
[ICCResult "Black checkmated"]
[WhiteElo "1461"]
[BlackElo "1448"]
[Opening "Sicilian: Najdorf, Lipnitzky attack"]
[ECO "B86"]
[NIC "SI.13"]
[Time "20:02:31"]
[PlyCount "111"]
[TimeControl "2400+10"]

1. e4 c5 2. Nf3 d6 3. d4 cxd4 4. Nxd4 Nf6 5. Nc3 a6 6. Bc4 e6 7. O-O Be7 8.
a4 Nc6 9. Be3 O-O 10. Qd2 Bd7 11. f4 Re8 12. h3 e5 13. Nde2 exf4 14. Bxf4
Be6 15. Bb3 Bxb3 16. cxb3 Qb6+ 17. Kh1 Qxb3 18. Bxd6 Rad8 19. e5 Nxe5 20.
Nd4 Nc4 21. Qg5 Qxc3 22. bxc3 Nxd6 23. Rae1 Nfe4 24. Qf4 Bg5 25. Qf3 Nd2
26. Qd5 N6e4 27. Qxf7+ Kh8 28. Ne6 Rg8 29. Nxd8 Bxd8 30. Rxe4 Nxe4 31. Re1
Nf6 32. Qxb7 Ba5 33. Qxa6 Bxc3 34. Rc1 Be5 35. Rc8 h6 36. Rxg8+ Nxg8 37. a5
Bd4 38. Qa8 Bc5 39. a6 Bd4 40. a7 Bxa7 41. Qxa7 Nf6 42. Qb8+ Kh7 43. g4 Kg6
44. Qb1+ Kf7 45. Qb3+ Kg6 46. Qd3+ Kf7 47. Qf5 g6 48. Qf4 g5 49. Qc7+ Kg6
50. Qe7 Ng8 51. Qe8+ Kg7 52. Qe5+ Kg6 53. Kg2 Nf6 54. Kg3 Nh5+ 55. gxh5+
Kxh5 56. Qe8# { Black checkmated } 1-0

[Event "ICC tourney 2594 (40 10)"]
[Site "Internet Chess Club"]
[Date "2021.06.05"]
[Round "5"]
[White "VALE CRUZ, ARMIN:trucker"]
[Black "MISRA, PRAGYAN:SoaringHawk24"]
[Result "1-0"]
[ICCResult "Black checkmated"]
[WhiteElo "1727"]
[BlackElo "1513"]
[Opening "Ruy Lopez: Anderssen variation"]
[ECO "C77"]
[NIC "RL.12"]
[Time "20:02:42"]
[PlyCount "145"]
[TimeControl "2400+10"]

1. e4 e5 2. Nf3 Nc6 3. Bb5 a6 4. Ba4 Nf6 5. d3 Be7 6. Bxc6 dxc6 7. Nxe5 Bc5
8. O-O O-O 9. c3 Qd6 10. Bf4 Nd7 11. d4 Bb6 12. Na3 Nxe5 13. Bxe5 Qg6 14.
Re1 Bh3 15. Qf3 Bg4 16. Qg3 Rac8 17. Nc4 Be6 18. Qd3 Bd5 19. Nxb6 cxb6 20.
Re3 f6 21. exd5 Qxd3 22. Rxd3 fxe5 23. dxe5 Rf5 24. Re1 Re8 25. d6 Rfxe5
26. Rxe5 Rxe5 27. f4 Re8 28. g4 Kf7 29. Kf2 Rd8 30. h4 Ke6 31. f5+ Kd7 32.
Ke3 Re8+ 33. Kf4 Re2 34. g5 Rxb2 35. f6 gxf6 36. gxf6 Rf2+ 37. Kg5 Rg2+ 38.
Kf5 Rf2+ 39. Ke5 Re2+ 40. Kf5 Rf2+ 41. Kg5 Rg2+ 42. Kh6 Rg6+ 43. Kxh7 Rxf6
44. h5 Rf2 45. Rg3 Kxd6 46. h6 Rh2 47. Kg7 Rxa2 48. Rg6+ Kc5 49. h7 Rh2 50.
Rh6 Rg2+ 51. Kf7 Rf2+ 52. Ke7 Re2+ 53. Kd7 Rd2+ 54. Kc7 Re2 55. Rh5+ Kc4
56. h8=Q Re7+ 57. Kxb6 Rd7 58. Rh4+ Kb3 59. Rd4 Rxd4 60. Qxd4 Kb2 61. Kxb7
a5 62. Kxc6 Kb3 63. Kb5 a4 64. Qb4+ Kc2 65. c4 a3 66. Qxa3 Kd2 67. c5 Ke2
68. c6 Kd2 69. c7 Ke2 70. c8=Q Kd2 71. Qcc3+ Kd1 72. Qac1+ Ke2 73. Q3e3# {
Black checkmated } 1-0

[Event "ICC tourney 2594 (40 10)"]
[Site "Internet Chess Club"]
[Date "2021.06.05"]
[Round "5"]
[White "LING, CHENXUAN:UnicornMM"]
[Black "Mehta, Vishal:mehtvi2"]
[Result "1-0"]
[ICCResult "Black resigns"]
[WhiteElo "1045"]
[BlackElo "1899"]
[Opening "Caro-Kann defense"]
[ECO "B12"]
[NIC "QO.17"]
[Time "20:02:32"]
[PlyCount "127"]
[TimeControl "2400+10"]

1. d4 c6 2. e4 d6 3. c4 Qc7 4. Nc3 Nf6 5. Nf3 Bg4 6. Be2 Nbd7 7. O-O e5 8.
d5 Be7 9. Be3 O-O 10. Rc1 a6 11. h3 Bh5 12. b4 c5 13. b5 Bg6 14. Bd3 Nh5
15. g4 Nf4 16. Bxf4 exf4 17. Qd2 Ne5 18. Nxe5 dxe5 19. f3 a5 20. a4 b6 21.
Kf2 Bh4+ 22. Ke2 Rad8 23. Rh1 h6 24. Rcg1 Bh7 25. Kd1 Kh8 26. Kc2 Qe7 27.
Rd1 Rd6 28. Kb2 Bg3 29. Rdf1 Qg5 30. Ne2 Bh4 31. Nc1 g6 32. Rfg1 Qe7 33.
Rg2 h5 34. Nb3 Bg3 35. Na1 h4 36. Nb3 f5 37. exf5 gxf5 38. gxf5 Bxf5 39.
Bxf5 Rxf5 40. Re2 Rdf6 41. Qd3 Rg5 42. Nd2 Rf8 43. Ne4 Rg7 44. Rd1 Qd7 45.
Rh1 Qf5 46. Rd2 Rd7 47. d6 Kg7 48. Qd5 Rff7 49. Qc6 Rb7 50. Rhd1 Rfd7 51.
Nc3 Qxh3 52. Nd5 Qe6 53. Nc7 Qf7 54. Qxb7 h3 55. Qd5 h2 56. Qxe5+ Kg8 57.
Ne8 Qxc4 58. Nf6+ Kf7 59. Nxd7 Qb4+ 60. Kc1 Qc4+ 61. Rc2 Qd4 62. Qxd4 cxd4
63. Nxb6 Bh4 64. Rxh2 { Black resigns } 1-0

[Event "ICC tourney 2594 (40 10)"]
[Site "Internet Chess Club"]
[Date "2021.06.05"]
[Round "5"]
[White "GRESEN, EVAN MICHAEL:EVMIGR"]
[Black "AMBATI, JASWANT REDDY:AJRChess2011"]
[Result "0-1"]
[ICCResult "White forfeits on time"]
[WhiteElo "1628"]
[BlackElo "1510"]
[Opening "Sicilian: Grand Prix attack"]
[ECO "B21"]
[NIC "SI.48"]
[Time "20:02:32"]
[PlyCount "82"]
[TimeControl "2400+10"]

1. e4 c5 2. f4 Nc6 3. Nf3 g6 4. c3 Bg7 5. Bc4 Nf6 6. e5 Ng8 7. d4 cxd4 8.
cxd4 e6 9. d5 exd5 10. Qxd5 Nh6 11. f5 Ne7 12. Qc5 Nhxf5 13. Bg5 h6 14. Bf6
Bxf6 15. exf6 d6 16. Bb5+ Bd7 17. Bxd7+ Qxd7 18. Qf2 Qe6+ 19. Qe2 Qxf6 20.
Nc3 O-O 21. O-O Rfe8 22. Qd2 d5 23. g4 Qb6+ 24. Kh1 Ne3 25. Rg1 Qe6 26.
Rae1 Nc6 27. Nd1 d4 28. Nf2 Qf6 29. Rg3 Rad8 30. g5 hxg5 31. Nxg5 Ne5 32.
Nfe4 Qf5 33. Qf2 Qxf2 34. Nxf2 f5 35. Rh3 N5g4 36. Nxg4 fxg4 37. Rh6 d3 38.
Rxg6+ Kh8 39. Rh6+ Kg7 40. Rh7+ Kg6 41. h4 d2 { White forfeits on time }
0-1

[Event "ICC tourney 2594 (40 10)"]
[Site "Internet Chess Club"]
[Date "2021.06.05"]
[Round "5"]
[White "CHRISNEY, ADAM RENFRO:arenfroc"]
[Black "RAVIND G N, RICNESH:RickyCarlsen"]
[Result "1-0"]
[ICCResult "Black checkmated"]
[WhiteElo "1749"]
[BlackElo "1700"]
[Opening "Scandinavian: Pytel-Wade variation"]
[ECO "B01"]
[NIC "SD.02"]
[Time "20:02:37"]
[PlyCount "129"]
[TimeControl "2400+10"]

1. e4 d5 2. exd5 Qxd5 3. Nc3 Qd6 4. Bc4 Nf6 5. Nf3 Bg4 6. O-O e6 7. Re1 Be7
8. d4 c6 9. Ne4 Nxe4 10. Rxe4 Bf5 11. Re1 Nd7 12. c3 O-O 13. Be3 Nb6 14.
Bb3 Nd5 15. Qd2 Nxe3 16. Qxe3 Bf6 17. Rad1 a5 18. a3 a4 19. Ba2 Bg4 20. h3
Bh5 21. g4 Bg6 22. Ne5 Rfd8 23. Nxg6 hxg6 24. g5 Be7 25. h4 Ra5 26. f4 Rf5
27. Rf1 Qc7 28. Bb1 Rfd5 29. Be4 Rb5 30. Rd2 Qb6 31. Rff2 c5 32. d5 c4 33.
Qxb6 Rxb6 34. dxe6 Rxe6 35. Rxd8+ Bxd8 36. Re2 Bc7 37. Kf2 Bxf4 38. Kf3 Bc1
39. Rc2 Be3 40. Kxe3 f5 41. gxf6 gxf6 42. Kd4 Re5 43. Bxg6 b5 44. h5 Rg5
45. Re2 Kg7 46. Rf2 Re5 47. Rf5 Re2 48. Rxb5 Rh2 49. Kxc4 Rh4+ 50. Kc5 Rh2
51. Kb6 f5 52. Bxf5 Rxh5 53. Bd7 Rh2 54. c4 Kf6 55. c5 Ke7 56. c6 Kd8 57.
Kb7 Rc2 58. Bf5 Rc1 59. Rd5+ Ke7 60. c7 Kf6 61. c8=Q Rc7+ 62. Kxc7 Kf7 63.
Qe6+ Kf8 64. Rd8+ Kg7 65. Qg6# { Black checkmated } 1-0

[Event "ICC tourney 2594 (40 10)"]
[Site "Internet Chess Club"]
[Date "2021.06.05"]
[Round "5"]
[White "KHAIS, STEVEN:methodX17"]
[Black "KASHYAP, MANISH B:mnm2"]
[Result "0-1"]
[ICCResult "White resigns"]
[WhiteElo "1509"]
[BlackElo "1609"]
[Opening "Sicilian: Canal-Sokolsky attack, 3...Bd7"]
[ECO "B52"]
[NIC "SI.01"]
[Time "20:02:32"]
[PlyCount "102"]
[TimeControl "2400+10"]

1. e4 c5 2. Nf3 d6 3. Bb5+ Bd7 4. Bxd7+ Nxd7 5. c3 Ngf6 6. d3 e6 7. O-O Be7
8. Re1 O-O 9. d4 cxd4 10. cxd4 Qb6 11. Nc3 Rac8 12. d5 e5 13. Na4 Qa6 14.
b3 Bd8 15. Bd2 b5 16. Nb2 Bb6 17. a4 Nc5 18. a5 Bd8 19. b4 Ncxe4 20. h3
Nxd2 21. Qxd2 Be7 22. Rac1 Qb7 23. Rcd1 Rc7 24. Ng5 h6 25. Ne4 Rfc8 26.
Nxf6+ Bxf6 27. Rc1 Rxc1 28. Rxc1 Bg5 29. Rxc8+ Qxc8 30. Qd1 Qc3 31. Qf1
Qxb2 32. Qxb5 Bf4 33. g3 Bd2 34. Qe8+ Kh7 35. Qxf7 Qb1+ 36. Kh2 Bxb4 37.
Qxa7 Qf5 38. Qe3 Bxa5 39. Kg2 Bb4 40. Qe2 e4 41. g4 Qxd5 42. Qe3 Bc5 43.
Qf4 e3+ 44. Kg3 exf2 45. Qc1 Qe5+ 46. Kh4 Qe1 47. Qc2+ g6 48. Qxg6+ Kxg6
49. g5 f1=Q+ 50. Kg4 Qe4+ 51. Kg3 Qef3+ { White resigns } 0-1